 Dungeon Crawl Stone Soup version 0.28-a0-1638-g9123634e07 (webtiles) character file.

Game seed: 14661553527778965115

108 YayAnonymity the Firebug (level 4, -4/30 HPs)
             Began as a Demonspawn Fire Elementalist on Jan 25, 2022.
             Slain by Crazy Yiuf (12 damage)
             ... on level 3 of the Dungeon.
             The game lasted 00:08:58 (3637 turns).

YayAnonymity the Firebug (DsFE)                     Turns: 3637, Time: 00:08:58

Health: -4/30      AC:  3    Str:  9    XL:     4   Next: 58%
Magic:  5/7        EV: 12    Int: 22    God:
Gold:   79         SH:  0    Dex: 13    Spells: 4/7 levels left

rFire   . . .      SeeInvis .   a - +2 dagger (freeze)
rCold   . . .      Faith    .   (no shield)
rNeg    . . .      Spirit   .   k - +0 robe
rPois   .          Reflect  .   (no helmet)
rElec   .          Harm     .   (no cloak)
rCorr   .          Rampage  .   (no gloves)
Will    .....                   p - +0 pair of boots
Stlth   ++........              (no amulet)
HPRegen 0.10/turn               (no ring)
MPRegen 0.10/turn               (no ring)

@: no status effects
A: big brain 2
a: no special abilities


You were on level 3 of the Dungeon.
You visited 1 branch of the dungeon, and saw 3 of its levels.

You collected 79 gold pieces.

Inventory:

Hand Weapons
 a - a +2 dagger of freezing (weapon)
Missiles
 g - 6 poisoned darts
Armour
 k - a +0 robe (worn)
 p - a +0 pair of boots (worn)
Wands
 m - a wand of flame (22)
Scrolls
 b - 4 scrolls of identify {unknown}
 f - 2 scrolls of vulnerability {unknown}
 h - a scroll of enchant weapon {unknown}
 i - 2 scrolls of amnesia {unknown}
 j - 3 scrolls of teleportation {unknown}
 l - a scroll of fear {unknown}
 n - a scroll of magic mapping {unknown}
Potions
 c - a potion of heal wounds {unknown}
 d - 2 potions of mutation {unknown}
 e - a potion of lignification {unknown}
 o - a potion of haste


   Skills:
 - Level 1.7 Dodging
 - Level 1.7 Stealth
 - Level 2.0 Spellcasting
 + Level 1.7 Conjurations
 * Level 4.7 Fire Magic


You had 4 spell levels left.
You knew the following spells:

 Your Spells              Type           Power      Damage    Failure   Level
a - Foxfire               Conj/Fire      64%        2x1d7     3%          1
b - Scorch                Fire           44%        2d7       3%          2

Your spell library contained the following spells:

 Spells                   Type           Power      Damage    Failure   Level
 Conjure Flame            Conj/Fire      16%        6-21      11%         3
 Inner Flame              Hex/Fire       12%        N/A       16%         3
 Sublimation of Blood     Necr           2%         N/A       21%         2
 Flame Wave               Conj/Fire      16%        2d6       36%         4
 Summon Guardian Golem    Hex/Summ       2%         N/A       38%         3
 Tukima's Dance           Hex            2%         N/A       38%         3
 Passage of Golubria      Tloc           2%         N/A       80%         4
 Petrify                  Tmut/Erth      2%         N/A       80%         4
 Irradiate                Conj/Tmut      3%         3d14      95%         5
 Yara's Violent Unravell  Hex/Tmut       1%         3d3       98%         5
 Orb of Destruction       Conj           4%         9d5       100%        7
 Spellforged Servitor     Conj/Summ      3%         N/A       100%        7


Dungeon Overview and Level Annotations

Branches:
Dungeon (3/15)

Altars:

Shops:
D:3 (

Annotations:
D:3 1 transporter, Crazy Yiuf; noodleboyJ's ghost, amateur HOFi


Innate Abilities, Weirdness & Mutations

You have an extremely huge brain. (Int +4)


Message History

Found a pair of boots.
Casting: Foxfire (safe; 3% risk of failure)
Confirm with . or Enter, or press ? or * to list all spells.
You conjure some foxfire!
Your foxfire dissipates!
Your foxfire dissipates!
You now have 79 gold pieces (gained 7).
Found a hand axe.
NoodleboyJ's ghost turns its malevolent gaze towards you.
The ogre shouts! x2
b - 4 scrolls labelled YNLUABR OFUQE (gained 1) Crazy Yiuf shouts!
Could not explore, unopened runed door.
Press: ? - help, v - describe, . - travel
Here: Crazy Yiuf, wielding a +4 quarterstaff of chaos and wearing a +0 cloak (fire blocked by a runed translucent door)
The floor.
You open the door.
Crazy Yiuf cries, "Fluff return to song forty-two!"
Crazy Yiuf screams, "Whiteboard tortoise shrimp!"
You see here a +0 mace.
Crazy Yiuf cries, "Scoff!"
Crazy Yiuf yells, "Whiteboard!
Pitchfork ladder return to song."
Crazy Yiuf whimpers, "Citrus forty-two light!"
Casting: Foxfire (safe; 3% risk of failure)
Confirm with . or Enter, or press ? or * to list all spells.
You conjure some foxfire!
Crazy Yiuf hits you with a +4 quarterstaff of chaos!
The foxfire hits Crazy Yiuf!
Crazy Yiuf is moderately wounded.
The foxfire hits Crazy Yiuf but does no damage.
Crazy Yiuf is moderately wounded.
Crazy Yiuf hits you with a +4 quarterstaff of chaos.
Crazy Yiuf burns you.
Casting: Foxfire (safe; 3% risk of failure)
Confirm with . or Enter, or press ? or * to list all spells.
You conjure some foxfire!
Crazy Yiuf hits you with a +4 quarterstaff of chaos!
* * * LOW HITPOINT WARNING * * *
You convulse!
You die...

#.......# #.^..##♣♣ ### #.......#
#....# #.......# #....# #.......#
#....######## ###
#.......###...........# #.##
#........###........### #..#
########.##.###........## ##.#
...# ###.##..#..g.......# ####..
...###.......#..@v......####.....
...##...........§v...............
...#.........[..........##.......
..............))...<....##.#.....
...#.............................
......................#.####.....
........)........................
........>...............##.....>.
......................#.#........


You could see Crazy Yiuf (ally target).

Vanquished Creatures
  An adder (D:2)
  3 gnolls
  A dart slug (D:1)
  8 ball pythons
  4 endoplasms
  5 giant cockroaches
  5 goblins
  5 hobgoblins
  7 jackals
  3 quokkas
  9 bats
  2 frilled lizards (D:1)
  5 kobolds
  3 rats
61 creatures vanquished.

Vanquished Creatures (others)
  151 foxfires
151 creatures vanquished.

Grand Total: 212 creatures vanquished

Notes
Turn   | Place    | Note
-------+----------+-------------------------------------------
     0 | D:1      | YayAnonymity the Demonspawn Fire Elementalist began the
                  | quest for the Orb.
     0 | D:1      | Reached XP level 1. HP: 13/13 MP: 3/3
    46 | D:1      | Reached skill level 3 in Fire Magic
   126 | D:1      | Gained mutation: You have an unusually large brain. (Int
                  | +2) [demonic ancestry]
   126 | D:1      | Reached XP level 2. HP: 19/19 MP: 1/5
   407 | D:1      | You fall into a shaft and drop 1 floor!
   600 | D:2      | Reached XP level 3. HP: 14/24 MP: 3/6
   823 | D:2      | Found Zenagg's Antique Armour Emporium.
   968 | D:1      | Reached skill level 4 in Fire Magic
  1513 | D:1      | Found a faded altar of an unknown god.
  2175 | D:2      | Learned a level 2 spell: Scorch
  2706 | D:3      | Found a transporter.
  2722 | D:3      | Gained mutation: You have an extremely huge brain. (Int +4)
                  | [demonic ancestry]
  2722 | D:3      | Reached XP level 4. HP: 28/30 MP: 3/7
  2839 | D:3      | Found a runed translucent door.
  2840 | D:3      | Noticed Crazy Yiuf
  3347 | D:3      | Found Vuisaech's Antique Weapon Shop.
  3466 | D:3      | Noticed noodleboyJ's ghost (amateur HOFi)
  3469 | D:3      | Identified the +9 great mace "Lodaorr" {vorpal, +Blink
                  | rElec}
  3469 | D:3      | Noticed an ogre
  3469 | D:3      | Noticed an ogre
  3470 | D:3      | Noticed an ogre
  3637 | D:3      | Slain by Crazy Yiuf

Illustrated notes

Levels and vault maps discovered:
D:1:      giann_forest_graveyard, layout_basic, chequers_ecumenical_altar_twisty
D:2:      layout_loops_corners, serial_shops, shop, grunt_decor_junction
D:3:      layout_rooms, serial_shops, shop, gammafunk_ghost_smash,
          uniq_crazy_yiuf_cottage

Skill      XL: |  1  2  3 |
---------------+----------+-----
Fire Magic     | 3 4 |  4.7
Dodging        | |  1.7
Stealth        | |  1.7
Spellcasting   | |  2.0
Conjurations   | |  1.7

Action                   |  1- 3 |  4- 6 || total
-------------------------+-------+-------++-------
Melee: Club              |     3 |       ||     3
       Dagger            |     5 |     1 ||     6
 Cast: Foxfire           |    70 |    24 ||    94
       Scorch            |       |     1 ||     1
Armor: Robe              |     4 |     1 ||     5
Dodge: Dodged            |    39 |     6 ||    45

Table legend: (Time is in decaauts)
 A = Elapsed time spent in this place.
 B = Non-inter-level travel time spent in this place.
 C = Inter-level travel time spent in this place.
 D = Time resting spent in this place.
 E = Time spent auto-exploring this place.
 F = Levels seen in this place.
 G = Mean time per level.
                   A        B        C        D        E       F      G
               +--------+--------+--------+--------+--------+-----+--------+
         Total |   3640 |   3430 |    210 |    610 |   2114 |   3 | 1213.3 |
       Dungeon |   3640 |   3430 |    210 |    610 |   2114 |   3 | 1213.3 |
               +--------+--------+--------+--------+--------+-----+--------+

Top non-repeatable levels by time:
     D:2: 1512 daAuts
     D:1: 1414 daAuts
     D:3: 712 daAuts
